Map: Data-C

Players

Dolan

  • Race: Terran Terran
  • Spawn Location: 9:00

Solar - Winner!

  • Race: Zerg Zerg
  • Spawn Location: 3:00

Event: DreamHack SC2 Masters 2022 Atlanta (Offline)

VOD

Have the link to the VOD?

Description

Time

  • Played on: Nov. 18, 2022, 11:15 a.m.
  • Length: 8:58

All games in this series

Show
View Real Time Build Order
Export as new Build Order

Dolan Terran 

Build Orders: Reaper Expand 

Get SALT Encoding   

  12  0:00  SCV  
  13  0:12  SCV  
  14  0:16  Supply Depot  
  14  0:24  SCV  
  15  0:38  SCV  
  15  0:39  Barracks  
  16  0:43  Refinery  
  16  0:50  SCV  
  17  1:02  SCV  
  18  1:14  SCV  
  19  1:26  Reaper, Orbital Command  
  20  1:39  Command Center  
  20  1:48  Supply Depot  
  20  1:52  SCV  
  21  1:58  Barracks Reactor  
  21  2:02  Marine  
  21  2:04  SCV  
  23  2:11  Factory  
  23  2:16  SCV  
  24  2:23  Barracks Reactor  
  24  2:28  SCV  
  25  2:40  SCV  
  25  2:44  Command Center  
  26  2:51  Orbital Command  
  26  2:56  SCV  
  26  3:06  Starport  
  26  3:08  SCV  
  27  3:13  Refinery  
  27  3:17  SCV  
  28  3:21  SCV  
  28  3:23  Hellion x2  
  33  3:27  Refinery  
  33  3:28  Marine  
  33  3:33  SCV x2  
  36  3:45  SCV x2  
  36  3:48  Fusion Core  
  38  3:51  Hellion x2  
  42  3:59  SCV x2, Orbital Command  
  44  4:11  Starport Tech Lab  
  44  4:12  Supply Depot  
  44  4:13  Hellion x2, Barracks Tech Lab  
  48  4:18  SCV x2  
  50  4:28  SCV  
  50  4:30  SCV x2  
  53  4:36  Battlecruiser  
  59  4:40  SCV  
  59  4:42  SCV x2  
  59  4:45  Stimpack  
  62  4:49  Barracks  
  62  4:52  Barracks  
  62  4:53  Factory Reactor  
  62  4:58  SCV  
  62  4:59  SCV x2  
  65  5:04  Engineering Bay  
  65  5:05  Engineering Bay  
  65  5:08  Refinery  
  65  5:10  Supply Depot  
  65  5:11  Orbital Command  
  65  5:12  Supply Depot  
  65  5:13  SCV x2  
  67  5:24  Barracks  
  67  5:25  SCV x2, Barracks  
  69  5:33  Terran Infantry Armor Level 1, Terran Infantry Weapons Level 1  
  69  5:37  SCV x3  
  72  5:44  Marine x5  
  72  5:49  Starport Reactor  
  77  5:57  Siege Tank  
  77  5:59  Supply Depot  
  77  6:00  Supply Depot  
  77  6:01  Supply Depot  
  77  6:02  Supply Depot  
  80  6:06  Marine x4  
  80  6:07  Marine  
  85  6:16  Barracks Reactor  
  85  6:17  Barracks Reactor  
  85  6:21  SCV x3  
  88  6:29  Marine x5  
  93  6:38  Barracks  
  93  6:39  Barracks  
  93  6:41  Barracks, Medivac x2, Siege Tank  
  93  6:44  Combat Shield  
  100  6:47  SCV x2  
  100  6:49  Supply Depot  
  100  6:53  Marine x2  
  100  6:54  Marine x2  
  105  6:56  Marine x2  
  108  7:02  SCV x3, Marine x3  
  114  7:11  Medivac, Marine x2  
  114  7:12  Medivac  
  120  7:16  Supply Depot, Armory  
  120  7:17  Marine x4  
  120  7:18  Supply Depot  
  120  7:20  Marine  
  125  7:27  Siege Tank, Marine  
  125  7:28  Supply Depot  
  125  7:29  Marine x3  
  132  7:30  Marine  
  132  7:37  Supply Depot, Marine  
  133  7:39  Supply Depot, Marine x4  
  133  7:43  Marine x2  
  140  7:45  Marine  
  140  7:46  Missile Turret  
  140  7:47  Marine  
  140  7:51  Missile Turret, Marine  
  136  7:54  Marine x2  
  136  7:55  Marine  
  136  8:05  Marine x4  
  134  8:16  Marine x3  
  134  8:19  Missile Turret  
  137  8:22  Marine  
  137  8:25  Marine x2  
  140  8:27  Marine  
  133  8:37  Marine  
Show
View Real Time Build Order
Export as new Build Order

Solar Zerg - Winner!

Build Orders: Hatch First 

Get SALT Encoding   

  12  0:00  Drone  
  13  0:12  Overlord  
  13  0:17  Drone  
  14  0:31  Drone x2  
  16  0:48  Hatchery  
  15  0:51  Drone  
  15  0:55  Drone  
  17  0:58  Drone  
  18  1:09  Extractor  
  17  1:13  Spawning Pool  
  17  1:16  Drone  
  17  1:20  Drone  
  18  1:29  Drone  
  19  1:39  Drone  
  20  1:49  Drone  
  21  2:00  Queen x2  
  21  2:01  Zergling x4  
  27  2:17  Hatchery  
  27  2:19  Overlord  
  27  2:21  Drone  
  27  2:25  Drone  
  28  2:31  Spore Crawler  
  28  2:32  Drone  
  28  2:37  Spore Crawler  
  28  2:40  Queen  
  28  2:42  Drone  
  32  2:45  Overlord  
  32  2:48  Drone  
  33  2:55  Metabolic Boost  
  33  2:57  Drone  
  34  2:58  Drone  
  34  3:01  Drone  
  34  3:04  Drone  
  37  3:05  Drone  
  37  3:10  Drone x2  
  40  3:13  Drone  
  40  3:17  Queen  
  43  3:21  Overlord  
  43  3:24  Drone  
  44  3:33  Queen  
  46  3:34  Queen  
  46  3:37  Drone  
  46  3:38  Drone  
  46  3:41  Overlord  
  50  3:46  Drone  
  51  3:49  Drone x4  
  51  3:51  Drone  
  51  3:52  Drone  
  51  3:54  Drone  
  58  3:57  Overlord  
  58  4:01  Zergling x4  
  60  4:05  Drone x3  
  63  4:12  Queen  
  63  4:15  Queen  
  67  4:17  Overlord  
  67  4:19  Overlord  
  67  4:21  Drone  
  68  4:25  Drone x4  
  68  4:27  Drone x2  
  68  4:29  Overlord  
  73  4:33  Overlord  
  73  4:36  Lair  
  73  4:37  Zergling x4  
  75  4:39  Zergling x2  
  75  4:41  Zergling x2, Extractor x2  
  75  4:42  Drone  
  76  4:46  Drone  
  76  4:48  Queen  
  76  4:50  Baneling Nest  
  76  4:51  Drone x2  
  76  4:52  Drone  
  81  4:54  Drone  
  81  4:56  Drone x2  
  81  4:57  Drone  
  81  4:59  Drone  
  86  5:02  Drone x2  
  86  5:04  Drone x3  
  86  5:06  Extractor  
  90  5:07  Extractor  
  90  5:10  Drone, Overlord  
  90  5:12  Overlord  
  90  5:18  Evolution Chamber  
  90  5:20  Evolution Chamber  
  88  5:21  Drone  
  88  5:22  Drone x2  
  88  5:23  Spore Crawler  
  88  5:24  Spore Crawler  
  88  5:25  Spore Crawler  
  88  5:26  Drone  
  88  5:27  Extractor  
  88  5:28  Drone x2  
  90  5:29  Drone  
  90  5:31  Drone  
  92  5:36  Drone x3  
  92  5:37  Overseer  
  92  5:41  Spire  
  94  5:43  Zergling x6  
  94  5:47  Overlord  
  94  5:48  Zergling x4  
  99  5:55  Hatchery  
  97  5:59  Drone, Centrifugal Hooks  
  98  6:04  Overlord  
  98  6:05  Drone x2  
  98  6:07  Overlord  
  98  6:11  Drone x5  
  101  6:16  Drone x3  
  98  6:28  Drone  
  99  6:35  Overlord  
  99  6:37  Drone x2  
  101  6:43  Zerg Ground Armor Level 1, Zerg Melee Weapons Level 1  
  101  6:44  Overlord  
  101  6:45  Extractor x2  
  99  6:47  Drone  
  99  6:49  Drone x3  
  99  6:53  Mutalisk x5  
  105  6:56  Mutalisk x2  
  105  7:00  Zergling x2  
  118  7:05  Zergling x6  
  118  7:06  Overlord  
  118  7:08  Zergling x4, Drone  
  122  7:10  Baneling x8  
  122  7:11  Baneling  
  122  7:12  Baneling x2  
  122  7:14  Zergling x6  
  127  7:16  Drone  
  127  7:17  Drone  
  127  7:18  Drone  
  130  7:23  Overlord  
  130  7:24  Drone x2  
  130  7:25  Drone  
  130  7:28  Mutalisk  
  135  7:30  Mutalisk  
  135  7:32  Drone  
  135  7:33  Mutalisk  
  135  7:35  Drone  
  135  7:36  Mutalisk  
  141  7:37  Drone  
  141  7:40  Zergling x6  
  141  7:41  Zergling x2  
  141  7:43  Drone  
  149  7:44  Overlord  
  149  7:51  Zergling x8  
  149  7:54  Mutalisk x3  
  149  7:57  Zergling x4  
  161  8:02  Zergling x4  
  161  8:03  Overlord  
  163  8:07  Mutalisk x3  
  163  8:10  Baneling x5  
  163  8:12  Zergling x10  
  174  8:14  Baneling x4  
  174  8:18  Zergling x4  
  174  8:23  Baneling x7  
  174  8:24  Zergling x6  
  174  8:26  Baneling x3  
  175  8:32  Zergling x8  
  164  8:37  Zergling x2  
  150  8:56  Hatchery  
Tags
 
Add a new tag
Caveats
  • Supply blocks, unpowered buildings, or Contaminate may cause inaccurate times.
  • Supply counts are checked every 10 seconds.